 Dungeon Crawl Stone Soup version 0.31-a0-229-g1fc7ce93e2 (webtiles) character file.

Game seed: 13440851513537245839

249 qw the Shooter (level 5, -2/46 HPs)
             Began as a Minotaur Hexslinger on July 6, 2023.
             Killed from afar by an orc wizard (9 damage)
             ... with a magic dart
             ... on level 4 of the Dungeon.
             The game lasted 00:01:11 (2850 turns).

qw the Shooter (Minotaur Hexslinger)                Turns: 2850, Time: 00:01:11

Health: -2/46      AC:  3    Str: 12    XL:     5   Next: 87%
Magic:  5/5        EV: 12    Int: 10    God:
Gold:   175        SH:  0    Dex: 15    Spells: 5/6 levels left

rFire   . . .        Y - +1 sling
rCold   . . .        (no shield)
rNeg    . . .        a - +0 leather armour
rPois   .            (helmet restricted)
rElec   .            (no cloak)
rCorr   .            (no gloves)
SInv    .            (no boots)
Will    .....        (no amulet)
Stlth   +            (no ring)
HPRegen 0.27/turn    (no ring)
MPRegen 0.09/turn

%: no passive effects
@: no status effects
A: horns 2, retaliatory headbutt
a: no special abilities


You were on level 4 of the Dungeon.
You visited 1 branch of the dungeon, and saw 4 of its levels.

You collected 175 gold pieces.


Innate Abilities, Weirdness & Mutations

You have a pair of horns on your head.
You reflexively headbutt those who attack you in melee.


   Skills:
 - Level 4.2 Fighting
 + Level 5.6 Ranged Weapons
 - Level 2.1 Dodging
 - Level 1.0 Spellcasting
 - Level 2.0 Hexes


You had 5 spell levels left.
You knew the following spells:

 Your Spells              Type           Power      Damage    Failure   Level
a - Slow                  Hex            16%        N/A       19%         1

Your spell library contained the following spells:

 Spells                   Type           Power      Damage    Failure   Level
 Inner Flame              Hex/Fire       2%         N/A       65%         3
 Portal Projectile        Hex/Tloc       4%         N/A       65%         3
 Cause Fear               Hex            2%         N/A       88%         4

Inventory:

Hand Weapons
 Y - a +1 sling (weapon)
Armour
 a - a +0 leather armour (worn)
 g - the +5 ring mail of Hopscotch {-Tele rPois rF+ Str+3}
   (You took it off a kobold on level 2 of the Dungeon)

   Str:       It affects your strength (+3).
   rF:        It protects you from fire.
   rPois:     It protects you from poison.
   -Tele:     It prevents most forms of teleportation.
Scrolls
 b - a scroll of identify
Potions
 d - a potion of resistance
 e - a potion of enlightenment
 f - a potion of might {unknown}
 h - a potion of lignification {unknown}

Dungeon Overview and Level Annotations

Branches:
Dungeon (4/15)
 Temple: D:4-7

Altars:
Qazlal

Shops:
D:2 (   D:4 [


Message History

The orc priest calls upon Beogh to heal the orc wizard.
The orc wizard is healed somewhat.
The orc wizard barely misses you. You furiously retaliate!
You headbutt the orc wizard.
The orc wizard points at you and mumbles some strange words.
The magic dart hits you.
You shoot a sling bullet.
The sling bullet closely misses the orc wizard.
The orc wizard hits you with a +0 dagger.
The orc wizard closely misses you.
You shoot a sling bullet.
The sling bullet hits the orc wizard but does no damage.
The orc wizard is heavily wounded.
An orc opens the door.
The orc wizard casts a spell at you. The puff of flame hits you!
The orc wizard points at you and mumbles some strange words.
You are confused.
2847 ||| DRINKING potion of curing.
You feel better.
2847 ||| (to cure confusion)
The orc shouts!
The orc wizard hits you with a +0 dagger.
The orc wizard closely misses you. You furiously retaliate!
You headbutt the orc wizard. You shoot a sling bullet.
The sling bullet closely misses the orc wizard.
The orc wizard hits you with a +0 dagger.
The orc wizard casts a spell at you. The puff of flame hits you!
You shoot a sling bullet.
The sling bullet barely misses the orc wizard.
The orc wizard hits you with a +0 dagger.
You shoot a sling bullet. The sling bullet hits the orc wizard.
The orc wizard is heavily wounded.
The orc wizard closely misses you.
The orc priest casts a cantrip, but nothing happens.
The orc wizard gestures at you while chanting.
You resist with some effort. The orc wizard casts a spell at you.
The magic dart hits you!
You die...

######### ##.......#
#....###.# ## #<.>.#
#.# #. #....# #.#
#####. ####@o..# #.#
#..... #..ooo..#
#.####.###.
#.##....###........#.
# #....'...#..#.#.#.
#....###.#....#.#.
#........#......##
#.#######.#....####
...#.....#.#..#.....
#...#.>.\.#....#.####


You could see an orc priest, 2 orc wizards and an orc.

Vanquished Creatures
  A phantom (D:4)
  A jelly (D:4)
  An orc priest (D:2)
  2 adders (D:4)
  5 dart slugs
  5 orcs
  11 ball pythons
  10 bats
  6 endoplasms
  5 giant cockroaches
  7 goblins
  7 hobgoblins
  3 jackals (D:1)
  A quokka (D:2)
  4 frilled lizards
  4 kobolds
  4 rats
77 creatures vanquished.

Notes
Turn   | Place    | Note
-------+----------+-------------------------------------------
     0 | D:1      | qw the Minotaur Hexslinger began the quest for the Orb.
     0 | D:1      | Reached XP level 1. HP: 16/16 MP: 1/1
     0 | D:1      | 0 ||| qw: Version: 0.3-a-46-gb1f654a
     0 | D:1      | 0 ||| qw: Game counter: 1467
     0 | D:1      | 0 ||| qw: Melee chars always use a shield: true
     0 | D:1      | 0 ||| qw: God list: Okawaru
     0 | D:1      | 0 ||| qw: Allow faded altars: false
     0 | D:1      | 0 ||| qw: Do Orc after clearing Dungeon:15 true
     0 | D:1      | 0 ||| qw: Do second Lair branch before Depths: true
     0 | D:1      | 0 ||| qw: Lair rune preference: random
     0 | D:1      | 0 ||| qw: Goals: Normal
     0 | D:1      | 0 ||| PLANNING D:1-11
    15 | D:1      | Noticed an imperial myrmidon
    15 | D:1      | Noticed a basilisk
    16 | D:1      | Noticed an ettin
   125 | D:1      | Reached skill level 3 in Ranged Weapons
   125 | D:1      | Reached XP level 2. HP: 8/23 MP: 2/2
   261 | D:1      | 261 ||| FLEEEEING.
   262 | D:1      | 262 ||| FLEEEEING.
   287 | D:1      | 287 ||| FLEEEEING.
   288 | D:1      | 288 ||| FLEEEEING.
   289 | D:1      | 289 ||| FLEEEEING.
   566 | D:1      | Reached XP level 3. HP: 29/29 MP: 3/3
   610 | D:1      | You fall into a shaft and drop 1 floor!
   660 | D:2      | 660 ||| READING scroll labelled QAALEOKLAU.
   661 | D:2      | 661 ||| READING scroll labelled ONOCSO BIABIUGHUXA.
   713 | D:2      | 713 ||| READING scroll labelled YSTRORA VIKIUDU.
   714 | D:2      | 714 ||| READING scroll labelled XARAUL QOEFURPH.
   715 | D:2      | 715 ||| READING scroll labelled ECRICA HAZI.
   716 | D:2      | 716 ||| DRINKING 2 sapphire potions.
   717 | D:2      | 717 ||| DROPPING scroll of poison.
   818 | D:1      | Reached skill level 4 in Ranged Weapons
  1096 | D:1      | 1096 ||| UPGRADING to +0 leather armour.
  1106 | D:1      | 1106 ||| DROPPING +0 robe.
  1107 | D:1      | 1107 ||| READING 2 scrolls of identify.
  1107 | D:1      | 1107 ||| IDENTIFYING ruby potion
  1196 | D:2      | Found Susuici's Weapon Shop.
  1335 | D:2      | Identified the +5 ring mail of Hopscotch {-Tele rPois rF+
                  | Str+3}
  1744 | D:2      | 1744 ||| READING scroll labelled HECIOS IJOFUEXTO.
  1770 | D:3      | 1770 ||| STAIRDANCE
  1818 | D:3      | 1818 ||| STAIRDANCE
  1880 | D:3      | 1880 ||| STAIRDANCE
  1881 | D:3      | Reached XP level 4. HP: 32/36 MP: 4/4
  1899 | D:3      | 1899 ||| STAIRDANCE
  1908 | D:2      | Reached skill level 5 in Ranged Weapons
  1996 | D:3      | Found a faded altar of an unknown god.
  2610 | D:3      | 2610 ||| READING scroll labelled VANAXA SEWIBBY.
  2614 | D:3      | 2614 ||| DRINKING 2 fuming puce potions.
  2618 | D:3      | 2618 ||| READING 2 scrolls of identify.
  2618 | D:3      | 2618 ||| IDENTIFYING pink potion
  2619 | D:3      | 2619 ||| DROPPING potion of ambrosia.
  2667 | D:4      | Noticed a phantom
  2680 | D:4      | Killed a phantom
  2681 | D:4      | Reached XP level 5. HP: 37/46 MP: 5/5
  2779 | D:4      | Found a stormy altar of Qazlal.
  2819 | D:4      | Found Zuhim's Antique Armour Emporium.
  2823 | D:4      | 2823 ||| FLEEEEING.
  2833 | D:4      | 2833 ||| FLEEEEING.
  2834 | D:4      | 2834 ||| FLEEEEING.
  2846 | D:4      | HP: 6/46 [orc wizard/puff of flame (13)]
  2847 | D:4      | 2847 ||| DRINKING potion of curing.
  2847 | D:4      | 2847 ||| (to cure confusion)
  2850 | D:4      | Killed from afar by an orc wizard

Levels and vault maps discovered:
D:1:      onia_arrival_zoo_common, layout_basic
D:2:      layout_loops_ring, serial_shops, nicolae_shop_bloodbath_and_beyond
D:3:      layout_basic, ebering_ecumenical_altar_hall, st_stairs_6
D:4:      layout_basic, nicolae_overflow_macrodata_refinement,
          mainiacjoe_overflow_concentric_impassable, serial_shops,
          nicolae_lakefront_shop, nicolae_take_the_stairs, amethyst_killhole

Skill      XL: |  1  2  3  4 |
---------------+-------------+-----
Ranged Weapons | 3 4 5 |  5.6
Fighting       | 2 4 |  4.2
Dodging        | |  2.1
Spellcasting   | |  1.0
Hexes          | |  2.0

Action                     |  1- 3 |  4- 6 || total
---------------------------+-------+-------++-------
   Fire: Sling             |   155 |   106 ||   261
    Use: Scroll            |     7 |     2 ||     9
         Potion            |     1 |     2 ||     3
 Armour: Robe              |    18 |       ||    18
         Leather armour    |     7 |     8 ||    15
  Dodge: Dodged            |    46 |    44 ||    90

Table legend:
 A = Non-vault XP
 B = Vault XP
 C = Vault XP percentage of total XP
 D = Non-vault monster count
 E = Vault monster count
 F = Vault count percentage of total count
                 A         B        C        D         E       F
            +---------+---------+-------+---------+---------+-------
      Total |     356 |       1 |   0.3 |      76 |       1 |   1.3
            +---------+---------+-------+---------+---------+-------
        D:1 |      53 |       0 |   0.0 |      27 |       0 |   0.0
        D:2 |      86 |       0 |   0.0 |      24 |       0 |   0.0
        D:3 |      36 |       1 |   2.7 |      19 |       1 |   5.0
        D:4 |     181 |       0 |   0.0 |       6 |       0 |   0.0
            +---------+---------+-------+---------+---------+-------
